 Dungeon Crawl Stone Soup version 0.27-a0-1597-ge58577e147 (webtiles) character file.

Game seed: 3854089744144553577

82 DocSulfur the Insei (level 4, 5/35 HPs)
             Began as a Draconian Transmuter on July 21, 2021.
             Quit the game on level 4 of the Dungeon.
             The game lasted 00:04:38 (1504 turns).

DocSulfur the Insei (Draconian Transmuter)          Turns: 1504, Time: 00:04:39

Health: 5/35       AC:  5    Str: 12    XL:     4   Next: 21%
Magic:  7/7        EV: 12    Int: 14    God:
Gold:   51         SH:  5    Dex: 12    Spells: 7/8 levels left

rFire    . . .     SeeInvis +     - Unarmed
rCold    . . .     Faith    .   (no shield)
rNeg     . . .     Spirit   .   (armour unavailable)
rPois    .         Reflect  +   (helmet restricted)
rElec    .         Harm     .   (no cloak)
rCorr    .         Rampage  .   (no gloves)
Will     .....                  (no boots)
Stlth    +.........             b - amulet of reflection
HPRegen  0.11/turn              c - ring of see invisible
MPRegen  0.10/turn              (no ring)

@: no status effects
A: AC +5, unfitting armour, cold-blooded
a: no special abilities


You were on level 4 of the Dungeon.
You visited 1 branch of the dungeon, and saw 6 of its levels.

You collected 51 gold pieces.

Inventory:

Jewellery
 b - an amulet of reflection (around neck)
 c - a ring of see invisible (left hand)
Potions
 a - a potion of brilliance
 d - a potion of might {unknown}


   Skills:
 - Level 1.1 Fighting
 + Level 2.5 Dodging
 - Level 3.0 Unarmed Combat
 + Level 2.6 Spellcasting
 + Level 2.8 Transmutations
 + Level 1.7 Poison Magic


You had 7 spell levels left.
You knew the following spells:

 Your Spells              Type           Power      Damage    Failure   Level
a - Beastly Appendage     Tmut           18%        N/A       7%          1

Your spell library contained the following spells:

 Spells                   Type           Power      Damage    Failure   Level
 Wereblood                Tmut           9%         N/A       11%         2
 Spider Form              Tmut/Pois      4%         N/A       26%         3
 Ice Form                 Ice/Tmut       5%         N/A       77%         4


Dungeon Overview and Level Annotations

Branches:
Dungeon (6/15)
 Temple: D:4-7

Altars:

Annotations:
D:4 Grinder


Innate Abilities, Weirdness & Mutations

Your plain brown scales are hard. (AC +5)
You cannot fit into any form of body armour.
You are cold-blooded and may be slowed by cold attacks.


Message History

You open the door.
There is an open door here.
You hear the slow rusting of a very distant drain.
The kobold throws a stone.
The stone closely misses you.
A hound comes into view.
The kobold brigand throws a curare-tipped dart.
You reflect the curare-tipped dart off an invisible shield around you!
The curare-tipped dart barely misses the kobold brigand.
The kobold throws a stone.
The stone misses you.
Found a stone staircase leading up.
The kobold throws a stone.
You reflect the stone off an invisible shield around you!
The stone hits the kobold but does no damage.
There is a stone staircase leading up here.
The hound barely misses you. You block the hound's attack.
You climb upwards.
You hear the hiss of flowing sand.
There is an entrance to an ossuary on this level.
Hurry and find it before the portal is buried!
The endoplasm quivers.
Found a scroll labelled OLEV KU CERIF, 13 bolts and 15 gold pieces.
There is a stone staircase leading down here.
The hobgoblin shouts!
The hound completely misses you. The hound closely misses you.
The hound closely misses you.
As you read the scroll labelled OLEV KU CERIF, it crumbles to dust.
It is a scroll of identify.
a - a potion of brilliance The hound bites you but does no damage.
You block the hound's attack. The hound barely misses you.
The hound barely misses you. The hound barely misses you. The hound bites you.
* * * LOW HITPOINT WARNING * * *
The hound bites you but does no damage.
Grinder comes into view.
Grinder shouts!
The hound misses you.
Are you sure you want to abandon this character and quit the game? (Confirm with "yes".)

#.........##g#
#.........##.#
#..(......##.#
#.........##.#
#...$......J.#
#........g####
###.......#
##.####.######.###
# #.Jh@...5...
############


You could see Grinder, a hound and an endoplasm.

Vanquished Creatures
  Natasha (D:2)
  An orc wizard (D:5)
  A gnoll (D:1)
  An orc (D:5)
  4 goblins (D:1)
  2 hobgoblins (D:1)
  4 kobolds (D:1)
  2 ball pythons
  2 bats (D:1)
  3 frilled lizards (D:1)
  2 rats (D:1)
23 creatures vanquished.

Notes
Turn   | Place    | Note
-------+----------+-------------------------------------------
     0 | D:1      | DocSulfur the Draconian Transmuter began the quest for the
                  | Orb.
     0 | D:1      | Reached XP level 1. HP: 16/16 MP: 3/3
   195 | D:1      | Reached XP level 2. HP: 16/23 MP: 3/5
   970 | D:1      | Reached skill level 1 in Poison Magic
   973 | D:1      | Reached XP level 3. HP: 28/28 MP: 4/6
  1095 | D:2      | Noticed Natasha
  1104 | D:2      | Killed Natasha
  1336 | D:3      | Found a faded altar of an unknown god.
  1390 | D:3      | You fall into a shaft and drop 3 floors!
  1392 | D:6      | Noticed an ogre
  1403 | D:6      | Noticed an orc warrior
  1418 | D:5      | Entered Level 5 of the Dungeon
  1442 | D:5      | Reached XP level 4. HP: 9/35 MP: 5/7
  1458 | D:6      | Noticed a kobold brigand
  1502 | D:4      | Noticed Grinder
  1504 | D:4      | Quit the game

Illustrated notes

Levels and vault maps discovered:
D:1:      roderic_lyre, layout_basic
D:2:      layout_loops_corners, uniq_jessica, uniq_natasha
D:3:      layout_basic, hellmonk_ecumenical_altar_pennies_from_heaven,
          uniq_sigmund
D:4:      layout_loops_ring, enter_ossuary_2, grunt_decor_arrowhead,
          uniq_grinder
D:5:      layout_gridville, minmay_temple_entry_large_hall,
          cheibrodos_sewer_entry_bend, uniq_menkaure
D:6:      cheibrodos_fzero, layout_loops_ring, uniq_pikel

Skill      XL: |  1  2 |
---------------+-------+-----
Dodging        | 2 |  2.5
Poison Magic   | 1 |  1.7
Fighting       | |  1.1
Unarmed Combat | |  3.0
Spellcasting   | |  2.6
Transmutations | |  2.8

Action                   |  1- 3 |  4- 6 || total
-------------------------+-------+-------++-------
Melee: Unarmed           |    68 |       ||    68
       Kick              |    12 |       ||    12
       Tailslap          |     4 |       ||     4
       Headbutt          |     7 |       ||     7
 Cast: Beastly Appendage |    21 |       ||    21
  Use: Scroll            |       |     1 ||     1
Armor: Skin              |    52 |    12 ||    64
Dodge: Dodged            |    74 |    23 ||    97
Block: Other             |     5 |     6 ||    11
       Reflection        |       |     2 ||     2

Table legend: (Time is in decaauts)
 A = Elapsed time spent in this place.
 B = Non-inter-level travel time spent in this place.
 C = Inter-level travel time spent in this place.
 D = Time resting spent in this place.
 E = Time spent auto-exploring this place.
 F = Levels seen in this place.
 G = Mean time per level.
                   A        B        C        D        E       F      G
               +--------+--------+--------+--------+--------+-----+--------+
         Total |   1515 |   1442 |     73 |    178 |    778 |   6 |  252.5 |
       Dungeon |   1515 |   1442 |     73 |    178 |    778 |   6 |  252.5 |
               +--------+--------+--------+--------+--------+-----+--------+

Top non-repeatable levels by time:
     D:1: 1273 daAuts
     D:2: 70 daAuts
     D:5: 63 daAuts
     D:3: 58 daAuts
     D:6: 30 daAuts
     D:4: 19 daAuts
